 Dungeon Crawl Stone Soup version 0.19-a0-749-g66ae36b (webtiles) character file.

11118 Moloch the Severer (level 11, 0/99 HPs)
             Began as a Hill Orc Fighter on June 24, 2016.
             Was an Elder of Beogh.
             Killed by vampiric draining
             ... invoked by a vampire
              (13 damage)
             ... on level 10 of the Dungeon.
             The game lasted 00:23:13 (10764 turns).

Moloch the Severer (Hill Orc Fighter)              Turns: 10764, Time: 00:23:14

Health: 0/99       AC: 25    Str: 25    XL:     11   Next: 72%
Magic:  12/12      EV:  5    Int:  8    God:    Beogh [****..]
Gold:   674        SH: 10    Dex:  9    Spells: 0 memorised, 10 levels left

rFire  . . .     SeeInvis .     a - +0 war axe
rCold  . . .     Gourm    .     b - +0 plate armour
rNeg   . . .     Faith    .     c - +0 shield
rPois  +         Spirit   .     (no helmet)
rElec  .         Dismiss  .     B - +0 cloak (curse)
rCorr  .         Reflect  .     x - +0 pair of gloves
SustAt .         Harm     .     h - +0 pair of boots
MR     +....     Clarity  +     (no amulet)
Stlth  .......... Rnd*Tele +    R - +2 ring of protection
                                p - ring of poison resistance

@: somewhat resistant to hostile enchantments, extremely unstealthy
A: claws 1, rough black scales 1, clarity, high mp 1, magic resistance 1, strong
1, teleportitis 2
a: Smiting, Recall Orcish Followers, Renounce Religion


You were on level 10 of the Dungeon.
You worshipped Beogh.
Beogh was greatly pleased with you.
You were not hungry.

You visited 1 branch of the dungeon, and saw 11 of its levels.
You also visited: Sewer.

You collected 674 gold pieces.

Inventory:

Hand Weapons
 a - a +0 war axe (weapon)
 n - a +0 morningstar
Missiles
 i - 4 tomahawks (quivered)
 Q - a throwing net
Armour
 b - a +0 plate armour (worn)
 c - a +0 shield (worn)
 h - a +0 pair of boots (worn)
 x - a +0 pair of gloves (worn)
 B - a cursed +0 cloak (worn)
Jewellery
 p - a ring of poison resistance (left hand)
 R - a +2 ring of protection (right hand)
Wands
 y - a wand of enslavement (8/24)
 H - a wand of lightning (4/15)
Scrolls
 e - 6 scrolls of remove curse {unknown}
 g - 3 scrolls of amnesia {unknown}
 l - a scroll of identify
 m - 3 scrolls of teleportation {unknown}
 s - 4 scrolls of magic mapping {unknown}
 t - 3 scrolls of enchant armour {unknown}
 u - 2 scrolls of immolation {unknown}
 v - 2 scrolls of fear {unknown}
 C - 2 scrolls of fog {unknown}
 D - a scroll of recharging {unknown}
 F - a scroll of vulnerability {unknown}
 J - a scroll of blinking {unknown}
 N - a scroll of enchant weapon {unknown}
 P - a scroll of random uselessness {unknown}
Potions
 d - a potion of might
 j - 2 potions of heal wounds
 k - 2 potions of curing
 o - 2 potions of magic
 A - 2 potions of brilliance
 G - 2 potions of invisibility
 L - a potion of lignification
 S - a potion of cancellation
Books
 K - a book of Ice

   Spells                             Type                      Level
   a - Ice Form                       Ice/Transmutation            4
   b - Metabolic Englaciation         Hexes/Ice                    5
   c - Ozocubu's Refrigeration        Ice                          6
   d - Bolt of Cold                   Conjuration/Ice              6
   e - Freezing Cloud                 Conjuration/Ice/Air          6
   f - Simulacrum                     Ice/Necromancy               6
 O - a book of the Warp

   Spells                             Type                      Level
   a - Recall                         Summoning/Translocation      3
   b - Gell's Gravitas                Hexes/Translocation          3
   c - Force Lance                    Conjuration/Translocation    4
   d - Warp Weapon                    Charms/Translocation         5
   e - Summon Forest                  Summoning/Translocation      5
Comestibles
 f - 12 bread rations
 q - 7 meat rations
 w - 5 fruits
 z - 2 royal jellies


   Skills:
 + Level 9.8 Fighting
 + Level 18.1 Axes
 + Level 8.4 Armour
 - Level 3.2 Shields


You had 10 spell levels left.
You didn't know any spells.

Dungeon Overview and Level Annotations

Branches:
Dungeon (11/15)            Temple (0/1) D:4            Lair (0/6) D:10
    Orc: D:9-12

Altars:
Ashenzari
Cheibriados
Gozag
Kikubaaqudgha
Pakellas
Qazlal
Yredelemnul
Zin

Annotations:
D:9 exclusion: downstairs
D:11 Harold, Nergalle


Innate Abilities, Weirdness & Mutations

You have sharp fingernails.
You are partially covered in rough black scales. (AC +4, Dex -1)
You possess an exceptional clarity of mind.
You have an increased reservoir of magic. (+10% MP)
You are resistant to hostile enchantments. (MR+)
Your muscles are strong. (Str +2)
You are sometimes teleported next to monsters.


Message History

You feel yourself speed up.
Unholy energy fills the air.
You hit something but do no damage. Something hits you but does no damage.
Something bites you.
Something draws strength from your injuries!
You miss something. Something hits you but does no damage.
Something bites you but does no damage.
You slash something!
Unholy energy fills the air.
Your plate armour prevents you from hitting something.
Your shield and plate armour prevent you from hitting something.
You block something's attack. Something bites you but does no damage.
You slash something!
Unholy energy fills the air.
* * * LOW HITPOINT WARNING * * *
You hit something but do no damage. Something hits you but does no damage.
Something bites you but does no damage.
You hit something.
Unholy energy fills the air.
* * * LOW HITPOINT WARNING * * *
You hit something but do no damage. You slash something!
Unholy energy fills the air.
You die...

.o.≈≈≈≈# #..##o#...(..♣........
.≈.≈≈≈≈# #..##.#.........♣....♣
.≈.≈≈≈≈# #...#.#........>......
.#.≈≈≈≈# #.#.#.##..........♣.♣.
.#.≈≈≈≈# #.#.#.##..........♣...
.#.#≈≈## #.#.#.###..♣......♣...
.#.#### #.#...###.♣..........P
.#.#########.##[................#
.#...........).{@..............##
.###########.###.####.#......#.#
...# #...(........<......#
...#############.###.###.#.#.###
............# #.# #.# #o#.#.#
.#.########## #.# #.# #o#.#.#
.#.# #.###.###o#.#.# ##.#
#......oo.#.#.# #.#
#.###o#####.###


There were no monsters in sight!

Vanquished Creatures
  A skeletal warrior (D:11)
  2 hill giants (D:9)
  A centaur zombie (D:10)
  A freezing wraith (D:10)
  A troll (D:11)
  A merfolk (D:10)
  Prince Ribbit (D:6)
  11 yaks
  A wraith (D:10)
  A wyvern (D:9)
  Grum (D:7)
  A hippogriff (D:10)
  A hungry ghost (D:7)
  A mottled dragon (D:10)
  2 water moccasins
  2 porcupines (D:10)
  2 orc warriors
  2 ice beasts
  2 black bears
  A sky beast (D:5)
  4 ogres
  2 wolves (D:8)
  4 centaurs
  3 crocodiles
  10 giant frogs
  A water moccasin zombie (D:8)
  4 killer bees (D:7)
  An electric eel (D:10)
  5 crimson imps
  2 quasits
  A giant frog zombie (D:7)
  6 hounds
  A giant frog skeleton (D:9)
  An orc priest (D:9)
  3 iguanas
  2 jellies
  4 orc wizards
  3 centaur skeletons
  6 worker ants
  6 sheep (D:10)
  2 worker ant zombies
  21 adders
  2 river rats
  3 shadow imps
  2 adder skeletons (D:6)
  4 worms
  A dart slug (D:2)
  7 giant geckos
  30 orcs
  4 giant cockroaches
  8 goblins
  3 hobgoblins
  4 jackals
  5 quokkas
  A ball python (D:1)
  10 bats
  5 giant newts
  7 kobolds
  A quokka zombie (D:8)
  10 rats
235 creatures vanquished.

Vanquished Creatures (collateral kills)
  A hill giant (D:10)
  A slime creature (D:11)
  2 basilisks (D:10)
  A hippogriff (D:11)
  A hungry ghost (D:10)
  3 porcupines (D:10)
  2 orc warriors (D:10)
  A centaur (D:10)
  A big kobold (D:11)
  A hound (D:11)
  4 sheep (D:10)
  4 river rats (D:10)
  An adder (D:10)
  A shadow imp (D:10)
  4 orcs (D:10)
  2 kobolds (D:11)
  A rat (D:10)
31 creatures vanquished.

Vanquished Creatures (others)
  An orc knight (D:11)
  Maurice (D:11)
  3 orc warriors (D:11)
  An orc priest (D:5)
  2 orc wizards
  15 orcs
  A bush (D:10)
  4 fungi (D:10)
  11 plants (D:10)
39 creatures vanquished.

Grand Total: 305 creatures vanquished

Notes
Turn   | Place    | Note
--------------------------------------------------------------
     0 | D:1      | Moloch the Hill Orc Fighter began the quest for the Orb.
     0 | D:1      | Reached XP level 1. HP: 19/19 MP: 1/1
    46 | D:1      | Reached skill level 3 in Axes
   477 | D:1      | Reached XP level 2. HP: 26/26 MP: 2/2
   631 | D:1      | Reached skill level 4 in Axes
   975 | D:2      | Reached XP level 3. HP: 31/31 MP: 3/3
  1167 | D:2      | Reached skill level 5 in Axes
  1293 | D:2      | Found a snail-covered altar of Cheibriados.
  1343 | D:2      | Reached XP level 4. HP: 26/39 MP: 4/4
  1867 | D:3      | Reached skill level 6 in Axes
  1910 | D:3      | Found an ancient bone altar of Kikubaaqudgha.
  2059 | D:3      | Reached XP level 5. HP: 42/45 MP: 5/5
  2075 | D:3      | Reached skill level 7 in Axes
  2618 | D:4      | Found a basalt altar of Yredelemnul.
  2621 | D:4      | Found a shattered altar of Ashenzari.
  2670 | D:4      | Found an oddly glowing altar of Pakellas.
  2813 | D:4      | Found a staircase to the Ecumenical Temple.
  2854 | D:4      | Reached skill level 8 in Axes
  2854 | D:4      | Reached XP level 6. HP: 48/51 MP: 6/6
  3069 | D:5      | Entered Level 5 of the Dungeon
  3077 | D:5      | Became a worshipper of Beogh the Brigand
  3371 | D:4      | Reached skill level 9 in Axes
  3448 | D:5      | Noticed a sky beast
  3671 | D:5      | Killed a sky beast
  3671 | D:5      | Reached XP level 7. HP: 18/57 MP: 7/7
  3675 | D:5      | Gained mutation: You possess an exceptional clarity of mind. [mutagenic meat]
  3676 | D:5      | Gained mutation: Your muscles are strong. (Str +2) [mutagenic meat]
  3677 | D:5      | Gained mutation: You are partially covered in rough black scales. (AC +4, Dex -1) [mutagenic meat]
  3678 | D:5      | Gained mutation: You are resistant to hostile enchantments. (MR+) [mutagenic meat]
  3680 | D:5      | Gained mutation: You are occasionally teleported next to monsters. [mutagenic meat]
  3778 | D:5      | Reached skill level 10 in Axes
  3951 | D:5      | Found a stormy altar of Qazlal.
  4220 | D:5      | Reached skill level 11 in Axes
  4327 | D:5      | Found a glowing silver altar of Zin.
  4466 | D:6      | Reached XP level 8. HP: 61/64 MP: 8/8
  4495 | D:6      | Found an opulent altar of Gozag.
  4632 | D:6      | Reached skill level 12 in Axes
  4702 | D:6      | Reached * piety under Beogh
  4742 | D:6      | Found a glowing drain.
  4746 | Sewer    | Entered a sewer
  4820 | Sewer    | Reached skill level 13 in Axes
  5758 | D:7      | Reached XP level 9. HP: 34/70 MP: 9/9
  5770 | D:7      | Reached skill level 14 in Axes
  6396 | D:7      | Noticed Prince Ribbit
  7142 | D:6      | Killed Prince Ribbit
  7158 | D:8      | Noticed Grum
  7316 | D:7      | Killed Grum
  7325 | D:8      | Reached skill level 15 in Axes
  7368 | D:8      | Reached ** piety under Beogh
  7555 | D:8      | Reached skill level 5 in Fighting
  7555 | D:8      | Reached skill level 5 in Armour
  8092 | D:9      | Reached XP level 10. HP: 81/81 MP: 10/10
  8225 | D:9      | Reached skill level 16 in Axes
  8505 | D:9      | Reached *** piety under Beogh
  8711 | D:10     | Entered Level 10 of the Dungeon
  8714 | D:10     | Noticed a hill giant
  8905 | D:10     | Noticed a hill giant
  8925 | D:10     | Reached skill level 17 in Axes
  8925 | D:10     | Reached XP level 11. HP: 94/94 MP: 11/11
  8929 | D:9      | Killed a hill giant
  8940 | D:9      | Killed a hill giant
  9296 | D:10     | Reached **** piety under Beogh
  9527 | D:10     | Killed a hill giant
  9578 | D:10     | Found a staircase to the Lair.
 10011 | D:11     | Noticed a skeletal warrior
 10018 | D:11     | Reached skill level 18 in Axes
 10033 | D:11     | Noticed Maurice
 10033 | D:11     | Killed a skeletal warrior
 10095 | D:11     | Noticed Harold
 10099 | D:11     | Noticed Nergalle
 10110 | D:11     | Noticed a death knight
 10138 | D:11     | Your ally died
 10739 | D:10     | Gained mutation: You have an increased reservoir of magic. (+10% MP) [potion of mutation]
 10739 | D:10     | Gained mutation: You have sharp fingernails. [potion of mutation]
 10739 | D:10     | Gained mutation: You are sometimes teleported next to monsters. [potion of mutation]
 10764 | D:10     | Killed from afar by a vampire

Vault maps used:
D:1:      enne_arrival_octagon_isle, serial_glass, glass_columns_b,
          glass_columns_a, glass_columns_b, glass_columns_a, glass_columns_c,
          glass_columns_b, glass_columns_c, glass_columns_a, glass_columns_b,
          glass_columns_b, item_on_display_a, minmay_strange_pillars,
          item_on_display_b, feat_on_display, grunt_decor_one_mirror
D:2:      cheibriados_altar_1
D:3:      old_standard_altar
D:4:      johnstein_pakellas_death_squad, nicolae_overflow_hidden_temple,
          first_bread, guppyfry_early_lair_pool
D:5:      zin_academy, kennysheep_little_box
D:6:      lemuel_round_altar, gup_sewer_entry_bowl
D:7:      uniq_prince_ribbit1
D:8:      uniq_grum
D:10:     minmay_lair_entry_grove, special_room, hangedman_fish_farm
D:11:     portal_ice_cave_entry_pillars_1, minivault_16, uniq_harold,
          uniq_nergalle, uniq_maurice
Sewer:    sewer_the_crocodile

Skill      XL: |  1  2  3  4  5  6  7  8  9 10 11 |
---------------+----------------------------------+-----
Axes           | 3 4 5 6 8 9 11 13 15 17 18 | 18.1
Fighting       | 5 8 9 |  9.8
Armour         | 5 7 8 |  8.4
Shields        | |  3.2

Action                   |  1- 3 |  4- 6 |  7- 9 | 10-12 || total
-------------------------+-------+-------+-------+-------++-------
Melee: War axe           |   129 |   205 |   471 |   354 ||  1159
Throw: Tomahawk          |       |       |     5 |       ||     5
Invok: Convert to Beogh  |       |     1 |       |       ||     1
       Recall Orcish Fol |       |       |       |     5 ||     5
Evoke: Wand              |       |       |     5 |     6 ||    11
  Use: Potion            |       |     1 |     2 |     1 ||     4
       Scroll            |       |       |       |     7 ||     7
  Eat: Chunk             |     2 |     6 |    18 |     6 ||    32
       Beef jerky        |       |       |     2 |       ||     2
       Royal jelly       |       |       |     1 |       ||     1
       Pizza             |       |       |     1 |       ||     1
       Fruit             |       |       |       |     3 ||     3
Armor: Scale mail        |    65 |   113 |     7 |       ||   185
       Chain mail        |       |       |    44 |       ||    44
       Plate armour      |       |       |   185 |   189 ||   374
Dodge: Dodged            |    37 |    62 |    66 |    52 ||   217
Block: Shield            |    76 |   117 |   216 |   151 ||   560
